 Dungeon Crawl Stone Soup version 0.29.0-5-ge4962eb29e (webtiles) character file.

Game seed: 9680103655229669530

39 Flugkiller the Trooper (level 3, 0/33 HPs)
             Began as a Minotaur Fighter on Aug 28, 2022.
             Slain by Terence
             ... wielding a +2 vorpal hand axe
              (6 damage)
             ... on level 2 of the Dungeon.
             The game lasted 00:00:25 (866 turns).

Flugkiller the Trooper (Minotaur Fighter)            Turns: 866, Time: 00:00:26

Health: 0/33       AC: 11    Str: 20    XL:     3   Next: 28%
Magic:  2/2        EV:  5    Int:  5    God:
Gold:   88         SH:  4    Dex: 11    Spells: 2/2 levels left

rFire   . . .      SeeInvis .   a - +0 war axe
rCold   . . .      Faith    .   c - +0 buckler
rNeg    . . .      Spirit   .   j - +0 plate armour
rPois   .          Reflect  .   (helmet restricted)
rElec   .          Harm     .   (no cloak)
rCorr   .          Rampage  .   (no gloves)
Will    .....                   (no boots)
Stlth   ..........              (no amulet)
HPRegen 0.11/turn               (no ring)
MPRegen 0.08/turn               (no ring)

@: no status effects
A: horns 2, retaliatory headbutt
a: no special abilities


You were on level 2 of the Dungeon.
You visited 1 branch of the dungeon, and saw 2 of its levels.

You collected 88 gold pieces.

Inventory:

Hand Weapons
 a - a +0 war axe (weapon)
Armour
 b - a +0 scale mail
 c - a +0 buckler (worn)
 j - a +0 plate armour (worn)
   (You found it on level 1 of the Dungeon)
Scrolls
 f - a scroll of teleportation {unknown}
 g - 3 scrolls of fog {unknown}
 h - 3 scrolls of identify {unknown}
 i - a scroll of silence {unknown}
Potions
 d - a potion of might
 e - 2 potions of lignification {unknown}
 k - a potion of brilliance {unknown}
 l - a potion of flight {unknown}


   Skills:
 + Level 4.1 Fighting
 * Level 3.7 Axes
 + Level 4.1 Armour
 - Level 3.6 Shields


You had 2 spell levels left.
You didn't know any spells.
Your spell library was empty.

Dungeon Overview and Level Annotations

Branches:
Dungeon (2/15)

Altars:

Annotations:
D:2 Terence


Innate Abilities, Weirdness & Mutations

You have a pair of horns on your head.
You reflexively headbutt those who attack you in melee.


Message History

You block the hobgoblin's attack.
The hobgoblin hits you but does no damage.
You hit the hobgoblin.
The hobgoblin is severely wounded.
The hobgoblin hits you but does no damage.
You hit the hobgoblin.
You kill the hobgoblin!
You see here a hobgoblin corpse.
Found a robe.
You see here a +0 robe.
Found an escape hatch in the floor.
Done exploring.
No target in view!
No target in view!
No target in view!
No target in view!
No target in view!
(D) Dungeon
Where to? (Enter - D:1 @ (x,y), ? - help)
There is a stone staircase leading down here.
You climb downwards.
There is a stone staircase leading up here.
Unknown command.
You now have 53 gold pieces (gained 12).
A kobold comes into view. It is wielding a +0 whip.
The kobold shouts!
An endoplasm comes into view.
There are monsters nearby!
Found a black potion.
An adder comes into view.
Found 10 gold pieces.
The adder hisses angrily.
You hit the kobold.
The kobold is heavily wounded.
The kobold hits you but does no damage. The adder bites you but does no damage.
You slash the kobold!
You kill the kobold!
You barely miss the adder. You block the adder's attack.
The adder closely misses you. You furiously retaliate!
You headbutt the adder! You barely miss the adder.
The adder is severely wounded.
The adder bites you but does no damage.
You closely miss the adder.
The adder is severely wounded.
The adder barely misses you. You furiously retaliate!
You headbutt the adder!
You kill the adder!
You have reached level 3!
Your experience leads to an increase in your attributes!
Increase (s)trength, (i)ntelligence, or (d)exterity?
You feel agile. x2
You slash the endoplasm!
You kill the endoplasm!
No target in view!
No target in view!
No target in view!
No target in view!
You see here a +0 whip.
You now have 63 gold pieces (gained 10).
g - 3 scrolls labelled UMUSU PERATU (gained 1)
l - a black potion You now have 71 gold pieces (gained 8).
A hobgoblin comes into view.
Found 11 gold pieces.
The hobgoblin shouts!
A hobgoblin is nearby!
A hobgoblin is nearby!
The hobgoblin hits you but does no damage.
You closely miss the hobgoblin. You headbutt the hobgoblin.
You kill the hobgoblin!
No target in view!
No target in view!
No target in view!
No target in view!
No target in view!
You now have 77 gold pieces (gained 6).
You now have 88 gold pieces (gained 11).
Terence the Incautious comes into view.
He is wielding a +2 vorpal hand axe.
Terence shouts!
Terence is nearby!
Terence is nearby!
You hit Terence but do no damage.
Terence hits you with a +2 vorpal hand axe!
Terence closely misses you.
You hit Terence.
Terence is lightly wounded.
Terence hits you with a +2 vorpal hand axe.
You are too injured to fight recklessly!
You are too injured to fight recklessly!
You are too injured to fight recklessly!
You are too injured to fight recklessly!
You slash Terence!
Terence is severely wounded.
Terence hits you with a +2 vorpal hand axe.
* * * LOW HITPOINT WARNING * * *
x2 Terence hits you but does no damage.
You are too injured to fight recklessly!
You closely miss Terence.
Terence is severely wounded.
Terence hits you with a +2 vorpal hand axe.
You die...

)..#.# .##.# .##.#
....# .##.# .##.#
.##.# .##.#
########## ..#.#
#.....@@.# ....#
#.######.# #.#.#
#.# #.# #...####
#.# #.#
#.#....###.## #.#
#.#....##...#####.#
...............##.#
#.###.###...##.##.#
#.# #.# ##.###.##.#


You could see Terence.

Vanquished Creatures
  An adder (D:2)
  6 endoplasms
  3 hobgoblins
  2 quokkas (D:1)
  2 ball pythons (D:1)
  2 bats (D:1)
  2 frilled lizards (D:1)
  3 goblins (D:1)
  3 kobolds
  6 rats (D:1)
30 creatures vanquished.

Notes
Turn   | Place    | Note
-------+----------+-------------------------------------------
     0 | D:1      | Flugkiller the Minotaur Fighter began the quest for the
                  | Orb.
     0 | D:1      | Reached XP level 1. HP: 19/19 MP: 0/0
    90 | D:1      | Reached XP level 2. HP: 27/27 MP: 1/1
   802 | D:2      | Reached XP level 3. HP: 33/33 MP: 2/2
   861 | D:2      | Noticed Terence
   866 | D:2      | Slain by Terence

Illustrated notes

Levels and vault maps discovered:
D:1:      heliophobic_arrival_henge, layout_loops_ring, minmay_misc_feat_cross,
          minmay_split_cup_small
D:2:      layout_loops_ring, kennysheep_generic_room_10, uniq_terence

Skill      XL: |  1  2 |
---------------+-------+-----
Axes           | 3 |  3.7
Fighting       | 4 |  4.1
Armour         | 4 |  4.1
Shields        | |  3.6

Action                   || total
-------------------------++-------
Melee: War axe           ||    56
       Headbutt          ||     2
Armor: Plate armour      ||    15
       Scale mail        ||    10
Dodge: Dodged            ||    19
Block: Buckler           ||    13
